 Dungeon Crawl Stone Soup version 0.18.1-48-g4cf74bf (webtiles) character file.

89 nikopol the Skirmisher (level 4, -3/41 HPs)
             Began as a Minotaur Berserker on June 28, 2016.
             Was a Believer of Trog.
             Slain by an orc wizard
             ... wielding a +0 dagger
              (4 damage)
             ... on level 3 of the Dungeon.
             The game lasted 00:02:04 (1052 turns).

nikopol the Skirmisher (Minotaur Berserker)         Turns: 1052, Time: 00:02:05

Health: -3/41      AC:  2    Str: 21    XL:     4   Next: 31%
Magic:  3/3        EV: 12    Int:  4    God:    Trog [**....]
Gold:   52         SH:  0    Dex: 11    Spells: 0 memorised, 3 levels left

rFire  . . .     SeeInvis .     a - +0 hand axe
rCold  . . .     Gourm    .     b - +0 animal skin
rNeg   . . .     Faith    .     (no shield)
rPois  .         Spirit   .     (helmet restricted)
rElec  .         Dismiss  .     (no cloak)
rCorr  .         Reflect  .     (no gloves)
SustAt .         Harm     .     (no boots)
MR     .....                    (no amulet)
Stlth  +.........               (no ring)
                                (no ring)

@: lethally poisoned (-3 -> -23), exhausted, slowed, very slow, not resistant to
hostile enchantments, very unstealthy
A: retaliatory headbutt, horns 2
a: Berserk, Trog's Hand, Burn Spellbooks, Renounce Religion


You were on level 3 of the Dungeon.
You worshipped Trog.
Trog was pleased with you.
You were very hungry.

You visited 1 branch of the dungeon, and saw 3 of its levels.

You collected 52 gold pieces.

Inventory:

Hand Weapons
 a - a +0 hand axe (weapon)
Missiles
 f - 22 arrows (quivered)
Armour
 b - a +0 animal skin (worn)
Scrolls
 h - a scroll of remove curse {unknown}
 i - 2 scrolls of enchant armour {unknown}
 k - a scroll of identify {unknown}
 m - 3 scrolls of fog {unknown}
Potions
 e - a potion of brilliance {unknown}
 j - a potion of magic {unknown}
 l - a potion of ambrosia {unknown}
 n - a potion of curing {unknown}
Comestibles
 c - a bread ration
 d - 2 meat rations


   Skills:
 + Level 4.4 Fighting
 + Level 4.3 Axes
 + Level 3.7 Armour
 + Level 2.8 Dodging


You had 3 spell levels left.
You didn't know any spells.

Dungeon Overview and Level Annotations

Branches:
Dungeon (3/15)

Altars:


Innate Abilities, Weirdness & Mutations

You reflexively headbutt those who attack you in melee.
You have a pair of horns on your head.


Message History

* * * LOW HITPOINT WARNING * * *
You feel sick. The orc wizard hits you with a dagger.
* * * LOW HITPOINT WARNING * * *
The orc wizard hits you with a dagger.
* * * LOW HITPOINT WARNING * * *
You are no longer berserk.
You are exhausted.
You feel as though you will be slow longer.
You are feeling very hungry.
* * * LOW HITPOINT WARNING * * *
You feel sick. The orc wizard completely misses you.
Things that are here:
a dagger of venom; a robe; an orc corpse You barely miss the orc wizard.
The orc wizard is moderately wounded.
You feel less confused.
* * * LOW HITPOINT WARNING * * *
You feel very sick. The orc wizard hits you with a dagger.
You die...

# #########.#
############.........#
.......<...'.........#
############........#
#).......# #.†@o....#
#........# #........#
#........# +........$.
#...........
####..##.... ..# ...


You could see an orc wizard.

Vanquished Creatures
  An orc wizard (D:3)
  A worker ant (D:3)
  2 dart slugs
  An orc (D:3)
  2 giant cockroaches (D:2)
  7 goblins
  4 hobgoblins (D:1)
  2 jackals (D:2)
  2 kobolds
  6 bats
  8 rats (D:1)
36 creatures vanquished.

Notes
Turn   | Place    | Note
--------------------------------------------------------------
     0 | D:1      | nikopol the Minotaur Berserker began the quest for the Orb.
     0 | D:1      | Reached XP level 1. HP: 19/19 MP: 0/0
   148 | D:1      | Reached XP level 2. HP: 15/27 MP: 1/1
   358 | D:1      | Reached ** piety under Trog
   665 | D:2      | Reached XP level 3. HP: 26/33 MP: 2/2
  1048 | D:3      | Reached XP level 4. HP: 19/41 MP: 3/3
  1052 | D:3      | HP: 1/41 [poisoned by an orc wizard]
  1052 | D:3      | Slain by an orc wizard

Skill      XL: |  1  2  3 |
---------------+----------+-----
Armour         | 3 |  3.7
Fighting       | 4 |  4.4
Axes           | 4 |  4.3
Dodging        | |  2.8

Action                   |  1- 3 |  4- 6 || total
-------------------------+-------+-------++-------
Melee: Hand axe          |    61 |     1 ||    62
       Headbutt          |     6 |       ||     6
Invok: Berserk           |     1 |       ||     1
 Stab: Sleeping          |     2 |       ||     2
Armor: Animal skin       |    15 |       ||    15
Dodge: Dodged            |    36 |     1 ||    37
